 Dungeon Crawl Stone Soup version 0.31-a0-1469-gd420192249 (webtiles) character file.

Game seed: 16352577233248030860

1279 whatisthis the Conjurer (level 8, 0/69 HPs)
             Began as a Purple Draconian Conjurer on Dec 28, 2023.
             Slain by a troll (1 damage)
             ... on level 5 of the Dungeon.
             The game lasted 00:16:40 (6061 turns).

whatisthis the Conjurer (Purple Draconian Conjurer) Turns: 6061, Time: 00:16:41

Health: 0/69       AC:  6    Str: 10    XL:     8   Next: 29%
Magic:  16/18      EV: 12    Int: 21    God:
Gold:   117        SH:  0    Dex:  9    Spells: 18/21 levels left

rFire   . . .        c - +0 whip
rCold   . . .        (no shield)
rNeg    . . .        (body armour unavailable)
rPois   .            (helmet restricted)
rElec   .            (no cloak)
rCorr   .            (no gloves)
SInv    .            (no boots)
Will    +....        (no amulet)
Stlth   ++           (no ring)
HPRegen 0.31/turn    (no ring)
MPRegen 0.16/turn

%: no passive effects
@: short of breath
A: breathe power, AC +6, unfitting armour, cold-blooded
a: Breathe Dispelling Energy


You were on level 5 of the Dungeon.
You visited 1 branch of the dungeon, and saw 5 of its levels.

You collected 117 gold pieces.

Inventory:

Hand Weapons
 c - a +0 whip (weapon)
Missiles
 g - 4 poisoned darts (quivered)
 h - 64 stones
 s - 5 boomerangs
Armour
 i - a +0 buckler
Wands
 p - a wand of iceblast (13)
 r - a wand of mindburst (5)
Scrolls
 b - a scroll of torment {unknown}
 d - 2 scrolls of fog {unknown}
 e - 4 scrolls of teleportation {unknown}
 f - a scroll of noise {unknown}
 j - 2 scrolls of silence {unknown}
 k - a scroll of amnesia {unknown}
 l - a scroll of vulnerability {unknown}
 m - a scroll of revelation {unknown}
 o - a scroll of identify {unknown}
 u - a scroll of brand weapon {unknown}
Potions
 a - a potion of magic
 n - a potion of haste {unknown}
 q - a potion of curing {unknown}
 t - a potion of invisibility {unknown}
 v - a potion of might {unknown}


   Skills:
 + Level 5.4 Fighting
 - Level 1.7 Dodging
 - Level 1.7 Stealth
 + Level 7.1 Spellcasting
 + Level 7.3 Conjurations


You had 18 spell levels left.
You knew the following spells:

 Your Spells              Type           Power      Damage    Failure   Level
a - Magic Dart            Conj           100%       1d8       1%          1
b - Searing Ray           Conj           76%        2d7       1%          2

Your spell library contained the following spells:

 Spells                   Type           Power      Damage    Failure   Level
 Momentum Strike          Conj/Tloc      44%        3d9       3%          2
 Blink                    Tloc           14%        N/A       13%         2
 Ensorcelled Hibernation  Hex/Ice        14%        N/A       13%         2
 Lesser Beckoning         Tloc           14%        N/A       13%         2
 Scorch                   Fire           14%        2d5       13%         2
 Flame Wave               Conj/Fire      22%        2d8       19%         4
 Fulminant Prism          Conj/Alch      11%        3d9       19%         4
 Iskenderun's Mystic Bla  Conj/Tloc      22%        2d6       19%         4
 Fugue of the Fallen      Necr           7%         N/A       26%         3
 Anguish                  Hex/Necr       3%         N/A       65%         4
 Summon Cactus Giant      Summ           3%         N/A       100%        6


Dungeon Overview and Level Annotations

Branches:
Dungeon (5/15)
 Temple: D:4-7

Altars:
Nemelex Xobeh
Trog
Wu Jian

Shops:
D:1 [[!=   D:2 [(*!=


Innate Abilities, Weirdness & Mutations

You can breathe bolts of dispelling energy.
Your rich purple scales are hard. (AC +6)
You cannot fit into any form of body armour.
You are cold-blooded and may be slowed by cold attacks.


Message History

You throw a poisoned dart. The poisoned dart hits the troll.
The troll is poisoned.
The troll misses you. The troll claws you. x2
Casting: Searing Ray (safe; 1% risk of failure)
Confirm with . or Enter, or press ? or * to list all spells.
Aiming: Searing Ray (safe; 1% risk of failure)
Press: ? - help, Shift-Dir - straight line, f/p - troll
Aim: a troll (poisoned, 81% to hit)
The searing ray hits the troll.
The troll is lightly wounded. (Press . to maintain the ray.)
The troll bites you. The troll claws you but does no damage.
The troll claws you!
* * * LOW HITPOINT WARNING * * *
Okay, then.
Aiming: Mindburst
Press: ? - help, Shift-Dir - straight line, f/p - troll
Aim: a troll (lightly wounded, poisoned, chance to affect: 64%)
The troll's mind is blasted!
The troll bites you!
* * * LOW HITPOINT WARNING * * *
The troll claws you.
* * * LOW HITPOINT WARNING * * *
The troll closely misses you.
Unknown command.
Okay, then.
Okay, then.
Okay, then.
Casting: Searing Ray (safe; 1% risk of failure)
Confirm with . or Enter, or press ? or * to list all spells.
Okay, then.
Unknown command.
Aiming: Breathe Dispelling Energy (4% risk of failure)
Press: ? - help, Shift-Dir - straight line, f/p - troll
Aim: a troll (heavily wounded, poisoned, 53% to hit)
You breathe a bolt of dispelling energy.
The bolt of dispelling energy hits the troll!
The troll is severely wounded.
The troll bites you but does no damage. The troll closely misses you.
The troll claws you.
You die...

# #.# #.# # ##'## #.# #
##...## #.# # ##.....##
###.# # ##.......#
#..)#
####........##########
...'........#..##..#
####.......##..##Ts###
.# ##......#.##.@##$(#
.# ##.....#.##..##s?#
.# ##...##.######### .#
##'###.####...†## .#
#.# ##....####.# ##
#.######### #.# ####
##.#....'..# #.# ...#
##..#.88.#..####.#
##.###...#.88.###)...##


You could see a troll (poisoned) and a scorpion.

Vanquished Creatures
  Eustachio (D:4)
  Edmund (D:5)
  2 ogres
  A phantom (D:4)
  Blork the orc (D:5)
  3 scorpions
  4 bombardier beetles
  A hound (D:5)
  An orc priest (D:3)
  2 iguanas
  An orc wizard (D:3)
  Natasha (twice) (D:2)
  10 adders
  A shadow imp (D:5)
  2 white imps
  An ufetubus (D:5)
  A dart slug (D:1)
  14 orcs
  8 endoplasms
  3 giant cockroaches
  9 goblins
  9 hobgoblins
  4 jackals
  6 quokkas
  6 ball pythons
  5 bats
  3 frilled lizards
  13 kobolds
  10 rats
125 creatures vanquished.

Notes
Turn   | Place    | Note
-------+----------+-------------------------------------------
     0 | D:1      | whatisthis the Draconian Conjurer began the quest for the
                  | Orb.
     0 | D:1      | Reached XP level 1. HP: 14/14 MP: 3/3
   129 | D:1      | Found Zufi's Jewellery Shoppe.
   147 | D:1      | Reached XP level 2. HP: 17/20 MP: 0/5
   239 | D:1      | Found Diac Emo's Antique Armour Boutique.
   239 | D:1      | Found Wycixt's Distillery.
   303 | D:1      | Found Gimoown's Antique Armour Boutique.
   488 | D:1      | Learned a level 2 spell: Searing Ray
   687 | D:1      | Reached XP level 3. HP: 26/26 MP: 4/7
  1211 | D:2      | Found Ynux's Antique Weapon Shoppe.
  1255 | D:2      | Found Cafu's Armour Shop.
  1309 | D:2      | Noticed Natasha
  1314 | D:2      | Killed Natasha
  1315 | D:2      | Reached XP level 4. HP: 33/33 MP: 2/8
  1377 | D:2      | Found Kuonokys's Distillery.
  1530 | D:2      | Found Wiugatai's Jewellery Boutique.
  1632 | D:2      | Reached skill level 5 in Conjurations
  1766 | D:2      | Noticed Natasha
  1773 | D:2      | Killed Natasha
  2076 | D:2      | Found Zuupouc's Assorted Antiques.
  2167 | D:3      | Reached XP level 5. HP: 39/39 MP: 0/10
  2348 | D:3      | Reached skill level 1 in Fighting
  3298 | D:3      | Reached XP level 6. HP: 48/48 MP: 9/12
  3578 | D:4      | Found an ornate altar of the Wu Jian Council.
  3803 | D:4      | Your scales start taking on a rich purple colour.
  3803 | D:4      | Reached skill level 5 in Spellcasting
  3803 | D:4      | Reached XP level 7. HP: 40/57 MP: 1/15
  4306 | D:4      | Noticed Eustachio
  4592 | D:4      | Killed Eustachio
  4726 | D:5      | Entered Level 5 of the Dungeon
  4756 | D:5      | Noticed Edmund
  4785 | D:5      | Killed Edmund
  5105 | D:5      | Found a sparkling altar of Nemelex Xobeh.
  5200 | D:4      | Reached XP level 8. HP: 35/67 MP: 12/18
  5202 | D:4      | Reached skill level 5 in Fighting
  5683 | D:5      | Found a bloodstained altar of Trog.
  5687 | D:5      | Noticed Blork the orc
  5691 | D:5      | Killed Blork the orc
  5976 | D:5      | Noticed a troll
  6060 | D:5      | HP: 1/69 [troll (4)]
  6061 | D:5      | Slain by a troll

Illustrated notes

Levels and vault maps discovered:
D:1:      psy_arrival_statuary, layout_basic, serial_shops, shop, shop, shop,
          shop
D:2:      layout_basic, serial_shops, nicolae_shop_tiny_statue_garden,
          nicolae_shop_industrial_runoff, nicolae_shop_just_a_little_nook, shop,
          nicolae_shop_advertising_works [nicolae_subvault_shop_adworks],
          uniq_natasha
D:3:      layout_loops_ring, serial_forest, infiniplex_forest_clump_large,
          infiniplex_forest_clump_tiny, infiniplex_forest_end_2,
          infiniplex_forest_lined_4_way, infiniplex_forest_clump_curved,
          infiniplex_forest_end_1, infiniplex_forest_clump_small,
          infiniplex_forest_lined_room_3, st_stairs_10, corexii_shack,
          minmay_misc_feat_x
D:4:      layout_loops_ring, mainiacjoe_overflow_alcove_4, uniq_eustachio
D:5:      minmay_chambers_of_fours, layout_loops_corners,
          nemelex_dance_club_becter, kennysheep_mini,
          nicolae_dithmenos_the_darkroom, grunt_ministairs_9,
          kennysheep_generic_room_12, uniq_edmund, uniq_pikel,
          uniq_blork_the_orc

Skill      XL: |  1  2  3  4  5  6  7  8 |
---------------+-------------------------+-----
Spellcasting   | 3 4 5 6 7 |  7.1
Conjurations   | 5 6 7 |  7.3
Fighting       | 2 3 4 5 |  5.4
Dodging        | |  1.7
Stealth        | |  1.7

Action                     |  1- 3 |  4- 6 |  7- 9 || total
---------------------------+-------+-------+-------++-------
  Melee: Unarmed           |    16 |       |       ||    16
         Whip              |    56 |    14 |     5 ||    75
         Tailslap          |     8 |     2 |     2 ||    12
         Punch             |     2 |     1 |       ||     3
  Throw: Dart              |       |       |     1 ||     1
   Cast: Magic Dart        |    34 |    86 |    59 ||   179
         Searing Ray       |     4 |    12 |    15 ||    31
Ability: Breathe Dispellin |       |       |     5 ||     5
  Evoke: Wand              |       |       |     6 ||     6
   Stab: Sleeping          |     1 |       |       ||     1
 Armour: Skin              |    40 |    17 |    39 ||    96
  Dodge: Dodged            |    43 |    22 |    19 ||    84

Table legend: (Time is in decaauts)
 A = Elapsed time spent in this place.
 B = Non-inter-level travel time spent in this place.
 C = Inter-level travel time spent in this place.
 D = Time resting spent in this place.
 E = Time spent auto-exploring this place.
 F = Levels seen in this place.
 G = Mean time per level.
                   A        B        C        D        E       F      G
               +--------+--------+--------+--------+--------+-----+--------+
         Total |   6070 |   5914 |    156 |   1220 |   3678 |   5 | 1214.0 |
       Dungeon |   6070 |   5914 |    156 |   1220 |   3678 |   5 | 1214.0 |
               +--------+--------+--------+--------+--------+-----+--------+

Top non-repeatable levels by time:
     D:4: 1529 daAuts
     D:3: 1254 daAuts
     D:2: 1133 daAuts
     D:5: 1132 daAuts
     D:1: 1020 daAuts
